 Dungeon Crawl Stone Soup version 0.25-a0-670-g50981ef59b (webtiles) character file.

Game seed: 17799413662472713557, levelgen mode: deterministic

66 MisterFreud the Vexing (level 3, -1/17 HPs)
             Began as a Felid Enchanter on Mar 29, 2020.
             Was an Initiate of Ru.
             Slain by a killer bee (5 damage)
             ... on level 2 of the Dungeon.
             The game lasted 00:04:54 (2227 turns).

MisterFreud the Vexing (Felid Enchanter)            Turns: 2227, Time: 00:04:55

Health: -1/17      AC:  1    Str:  5    XL:     3   Next: 96%
Magic:  7/7        EV: 18    Int: 16    God:    Ru [......]
Gold:   69         SH:  0    Dex: 16    Spells: 0/6 levels left
                                        Lives:  0   Deaths: 0

rFire    . . .     SeeInvis +     - Unarmed
rCold    . . .     Gourm    .   (shield unavailable)
rNeg     . . .     Faith    .   (armour unavailable)
rPois    .         Spirit   .   (helmet unavailable)
rElec    .         Reflect  .   (cloak unavailable)
rCorr    .         Harm     .   (gloves unavailable)
MR       .....                  (boots unavailable)
Stlth    ++........             (no amulet)
HPRegen  0.05/turn              (no ring)
MPRegen  0.10/turn              (no ring)

@: confused, lethally poisoned (-1 -> -15), quick
A: very small, no armour, no weapons or thrown items, stealth, claws 1, fangs 3,
see invisible, carnivore, speed 1, shaggy fur 1, slow metabolism 1, sharp paws
a: Renounce Religion


You were on level 2 of the Dungeon.
You worshipped Ru.
Ru was noncommittal.
You were completely stuffed.

You visited 1 branch of the dungeon, and saw 3 of its levels.

You collected 69 gold pieces.

Inventory:

Scrolls
 a - a scroll of remove curse {unknown}
 c - a scroll of enchant armour {unknown}
 d - 3 scrolls of teleportation {unknown}
 e - a scroll of blinking {unknown}
 i - a scroll of enchant weapon {unknown}
Potions
 h - a potion of stabbing {unknown}
Comestibles
 b - 5 rations
 g - 2 chunks of flesh


   Skills:
 + Level 3.6 Fighting
 - Level 2.6 Dodging
 - Level 4.0 Stealth
 - Level 1.0 Unarmed Combat
 - Level 2.0 Spellcasting
 - Level 4.4 Hexes


You couldn't memorise any spells.
You knew the following spells:

 Your Spells              Type           Power        Failure   Level  Hunger
a - Corona                Hex            ###....      3%          1    #......
b - Ensorcelled Hibernat  Hex/Ice        #.....       13%         2    ###....
c - Confusing Touch       Hex            ###.....     11%         3    ###....

Your spell library contained the following spells:

 Spells                   Type           Power        Failure   Level  Hunger
 Tukima's Dance           Hex            ###.....     11%         3    ###....
 Dazzling Flash           Conj/Hex       #.....       26%         3    ###....


Dungeon Overview and Level Annotations

Branches:
Dungeon (3/15)

Altars:
Ashenzari
Hepliaklqana
Kikubaaqudgha
Qazlal
Ru
Zin


Innate Abilities, Weirdness & Mutations

You cannot wear armour.
You are incapable of wielding weapons or throwing items.
Your paws allow you to move quietly. (Stealth)
You have sharp claws.
You have razor-sharp teeth.
You have supernaturally acute eyesight. (SInv)
You are carnivorous and can eat meat at any time.
You cover ground quickly.
You are covered in fur. (AC +1)
You have a slow metabolism.
Your sharp claws are effective at attacking unaware monsters.


Message History

The killer bee stings you. x2
* * * LOW HITPOINT WARNING * * *
It was a potion of ambrosia.
You are confused.
You feel invigorated. The killer bee closely misses you. x2
The killer bee buzzes angrily.
The killer bee completely misses you. The killer bee closely misses you.
The killer bee stings you.
You are lethally poisoned!
The killer bee poisons you!
You climb upwards.
You feel sick.
There is a stone staircase leading down here.
You barely miss the killer bee.
The killer bee is almost dead.
You feel sick. The killer bee stings you!
Ouch! That really hurt!
* * * LOW HITPOINT WARNING * * *
You are more poisoned.
The killer bee poisons you! The killer bee stings you.
You die...

#...............#
#...............#
#...............#
#.........†.....#
#[..............#
#########...##.....#
#..........)########
#.y.........########
#..@................
#.........#.........
#.........#.........
#.........#.........
#.........#.........
#.........##########
#.........##........
###.#####...........
#.# #...........


You could see a killer bee.

Vanquished Creatures
  2 adders (D:2)
  An ooze (D:2)
  A worm (D:2)
  2 dart slugs
  2 leopard geckos
  7 bats
  3 giant cockroaches
  4 goblins
  4 hobgoblins
  A frilled lizard (D:1)
  4 kobolds
  4 rats
35 creatures vanquished.

Notes
Turn   | Place    | Note
-------+----------+-------------------------------------------
     0 | D:1      | MisterFreud the Felid Enchanter began the quest for the
                  | Orb.
     0 | D:1      | Reached XP level 1. HP: 7/7 MP: 4/4
   256 | D:1      | Reached skill level 1 in Fighting
   290 | D:1      | Reached XP level 2. HP: 9/13 MP: 4/6
   981 | D:1      | Learned a level 2 spell: Ensorcelled Hibernation
  1394 | D:2      | Found a hazy altar of Hepliaklqana.
  1396 | D:2      | Reached XP level 3. HP: 16/16 MP: 7/7
  1437 | D:2      | Found a stormy altar of Qazlal.
  1574 | D:2      | Found a shattered altar of Ashenzari.
  1577 | D:2      | Found a glowing silver altar of Zin.
  1577 | D:2      | Found a sacrificial altar of Ru.
  1580 | D:2      | Found an ancient bone altar of Kikubaaqudgha.
  1592 | D:2      | Became a worshipper of Ru the Awakened
  1896 | D:2      | Learned a level 3 spell: Confusing Touch
  2222 | D:3      | Noticed a killer bee
  2222 | D:3      | Noticed a killer bee
  2222 | D:3      | Noticed a killer bee
  2227 | D:2      | Slain by a killer bee

Levels and vault maps discovered:
D:1:      heliophobic_arrival_ceremonial_halls, layout_basic
D:2:      layout_basic, grunt_temple_overflow_open,
          nicolae_overflow_crystal_walls, grunt_qazlal_sundering
D:3:      layout_basic, minmay_goblin_kobold_house

Skill      XL: |  1  2  3 |
---------------+----------+-----
Fighting       | 1 2 3 |  3.6
Dodging        | |  2.6
Stealth        | |  4.0
Unarmed Combat | |  1.0
Spellcasting   | |  2.0
Hexes          | |  4.4

Action                   || total
-------------------------++-------
Melee: Unarmed           ||   150
       Bite              ||     8
 Cast: Corona            ||    20
       Ensorcelled Hiber ||    10
       Confusing Touch   ||     2
  Use: Potion            ||     1
 Stab: Sleeping          ||     9
       Confused          ||     1
  Eat: Chunk             ||    11
Armor: Skin              ||    14
Dodge: Dodged            ||   165

Table legend:
 A = Non-vault XP
 B = Vault XP
 C = Vault XP percentage of total XP
 D = Non-vault monster count
 E = Vault monster count
 F = Vault count percentage of total count
                 A         B        C        D         E       F
            +---------+---------+-------+---------+---------+-------
      Total |      95 |       0 |   0.0 |      35 |       0 |   0.0
            +---------+---------+-------+---------+---------+-------
        D:1 |      32 |       0 |   0.0 |      18 |       0 |   0.0
        D:2 |      63 |       0 |   0.0 |      17 |       0 |   0.0
            +---------+---------+-------+---------+---------+-------
